AoeStats
← Jazzmushroom

Enclosed

506684972Analyzed
1v1 RM · 18d ago on Sep 14, 2026· 27m 33s· 2 players
Game mode
Random Map
Map size
Tiny (2 player)
Population
200
Speed
Normal
Resources
Standard
Victory
Conquest
Starting age
Dark Age
Ending age
Imperial Age
RankedLock teamsTeams togetherTeam positionsShared explorationLock speedFull tech treeHidden civsTurbo modeCheats
Victory
Defeat
🇺🇸 Mapuche · United States
1384
+14
🇧🇷 Mapuche · Brazil
1345
-14
Gauchomatrero
10:03 Feudal Age
15:52 Castle Age
14:22 Double-Bit Axe
15:22 Loom
16:41 Fletching
20:08 Padded Archer Armor
22:38 Bodkin Arrow
Jazzmushroom
8:00 Loom
9:57 Feudal Age
11:21 Double-Bit Axe
14:28 Fletching
20:24 Castle Age
19:14 Horse Collar
19:54 Gold Mining
21:11 Wheelbarrow
20:50 Padded Archer Armor
21:54 Bodkin Arrow
22:13 Bow Saw
25:43 Elite Skirmisher
26:45 Leather Archer Armor
Connection lost

Rejoining the realm…

Still unreachable

The connection could not be restored.

Session expired

The server has moved on; the page needs a fresh start.